 Dungeon Crawl Stone Soup version 0.30-a0-728-gc68057be0a (webtiles) character file.

Game seed: 15954617410102107308

10162 Dittersdorf the Fighter (level 11, -2/80 HPs)
             Began as a Gargoyle Fighter on Jan 30, 2023.
             Was a Believer of Okawaru.
             Slain by a boulder beetle (4 damage)
             ... on level 9 of the Dungeon.
             The game lasted 00:14:59 (8512 turns).

Dittersdorf the Fighter (Gargoyle Fighter)          Turns: 8512, Time: 00:15:00

Health: -2/80      AC: 26    Str: 26    XL:     11   Next: 57%
Magic:  0/11       EV:  9    Int: 10    God:    Okawaru [**....]
Gold:   466        SH:  6    Dex:  6    Spells: 10/10 levels left

rFire   . . .      SeeInvis .    E - +5 Force Lance {heavy, knockback}
rCold   . . .      Faith    .    c - +0 buckler
rNeg    + . .      Spirit   +    l - +0 chain mail
rPois   ∞          Reflect  .    (no helmet)
rElec   +          Harm     .    b - +2 cloak
rCorr   .          Rampage  .    (no gloves)
Will    .....                    y - +0 pair of boots "Dadwop" {Str+3 Dex-3 Stlth+} Stlth
                                 J - amulet "Poruag" {Spirit Slay+2}
HPRegen 0.33/turn                q - ring of wizardry
MPRegen 0.12/turn                (no ring)

@: heroic
A: sickness immunity, AC +8, negative energy resistance 1, electricity
resistance, torment resistance 1, petrification resistance
a: Renounce Religion, Heroism


You were on level 9 of the Dungeon.
You worshipped Okawaru.
Okawaru was pleased with you.
You visited 2 branches of the dungeon, and saw 10 of its levels.

You collected 466 gold pieces.

Inventory:

Hand Weapons
 x - a +2 flail of protection
 E - the +5 Force Lance (weapon) {heavy, knockback}
   (You found it on level 5 of the Dungeon)
 F - a +0 morningstar
Missiles
 C - 78 poisoned darts (quivered)
 M - a throwing net
Armour
 b - a +2 cloak (worn)
 c - a +0 buckler (worn)
 l - a +0 chain mail (worn)
 y - the +0 pair of boots "Dadwop" (worn) {Str+3 Dex-3 Stlth+}
   (You found it on level 5 of the Dungeon)

   Str:       It affects your strength (+3).
   Dex:       It affects your dexterity (-3).
   Stlth:     It makes you more stealthy.
Jewellery
 q - a ring of wizardry (left hand)
 J - the amulet "Poruag" (around neck) {Spirit Slay+2}
   (You found it on level 6 of the Dungeon)

   [amulet of guardian spirit]

   It causes incoming damage to be divided between your reserves of health and
   magic.
   Slay:      It affects your accuracy & damage with ranged weapons and melee
   (+2).
Wands
 a - a wand of flame (53)
 B - a wand of roots (22)
 H - a wand of acid (16)
Scrolls
 g - 9 scrolls of teleportation
 i - a scroll of brand weapon {unknown}
 k - 2 scrolls of amnesia {unknown}
 n - a scroll of vulnerability {unknown}
 o - a scroll of butterflies {unknown}
 p - 3 scrolls of magic mapping {unknown}
 r - a scroll of fog {unknown}
 s - 2 scrolls of blinking {unknown}
 t - 2 scrolls of noise {unknown}
 u - a scroll of identify
 v - a scroll of torment {unknown}
 w - 6 scrolls of enchant weapon {unknown}
 z - a scroll of silence {unknown}
 I - 3 scrolls of fear {unknown}
 K - a scroll of immolation {unknown}
Potions
 d - 2 potions of might
 e - a potion of cancellation
 f - 2 potions of ambrosia
 h - a potion of resistance
 j - a potion of attraction {unknown}
 m - 5 potions of curing
 A - 2 potions of invisibility
 D - a potion of heal wounds {unknown}
 G - 2 potions of haste {unknown}
 L - 4 potions of brilliance {unknown}
 N - a potion of flight {unknown}


   Skills:
 + Level 14.8(19.8) Fighting
 - Level 4.7(9.7) Maces & Flails
 + Level 5.5(10.5) Polearms
 + Level 9.0(14.0) Armour
 + Level 9.0(14.0) Shields


You had 10 spell levels left.
You didn't know any spells.
Your spell library contained the following spells:

 Spells                   Type           Power      Damage    Failure   Level
 Foxfire                  Conj/Fire      0%         2x1d4     54%         1
 Sandblast                Erth           0%         2d4       54%         1
 Passwall                 Tmut/Erth      0%         N/A       69%         2
 Dazzling Flash           Conj/Hex       0%         N/A       88%         3
 Stone Arrow              Conj/Erth      0%         3d7       88%         3
 Vhi's Electric Charge    Tloc/Air       0%         N/A       88%         3
 Passage of Golubria      Tloc           0%         N/A       99%         4
 Agony                    Necr           0%         N/A       100%        5
 Arcjolt                  Conj/Air       0%         1d10      100%        5
 Fireball                 Conj/Fire      0%         3d3       100%        5
 Silence                  Hex/Air        0%         N/A       100%        5
 Yara's Violent Unravell  Hex/Tmut       0%         3d3       100%        5
 Maxwell's Capacitive Co  Air            0%         ∞         100%        8
 Tukima's Dance           Hex            Unusable   N/A       N/A         3
 Summon Ice Beast         Ice/Summ       Unusable   N/A       N/A         4
 Dragon's Call            Summ           Unusable   N/A       N/A         9

Dungeon Overview and Level Annotations

Branches:
Dungeon (9/15)             Temple (1/1) D:7
   Lair: D:8-11         Orc: D:9-12

Altars:
Ashenzari
Cheibriados
Dithmenos
Elyvilon
Gozag
Hepliaklqana
Kikubaaqudgha
Makhleb
Nemelex Xobeh
Okawaru
Qazlal
Sif Muna
Trog
Uskayaw
Vehumet
Wu Jian
Xom
Yredelemnul
Zin
The Shining One

Shops:
D:1 ?*?=

Annotations:
D:5 3 runed translucent doors, Darius099's ghost, amateur TrMo


Innate Abilities, Weirdness & Mutations

You are immune to sickness and miasma.
Your stone body is resilient. (AC +8)
You are immune to poison.
You resist negative energy. (rN+)
You are resistant to electric shocks. (rElec)
You are resistant to unholy torment.
You are immune to petrification.


Message History

You are too injured to fight recklessly!
You are too injured to fight recklessly!
You are too injured to fight recklessly!
You are too injured to fight recklessly!
You are too injured to fight recklessly!
You are too injured to fight recklessly!
You are too injured to fight recklessly!
You are too injured to fight recklessly!
You are too injured to fight recklessly!
You are too injured to fight recklessly!
You impale the flayed ghost!!
The flayed ghost is almost destroyed.
You block the flayed ghost's attack. The boulder beetle bites you!
* * * LOW HITPOINT WARNING * * *
You closely miss the flayed ghost.
The flayed ghost is almost destroyed.
The flayed ghost hits you but does no damage.
You block the boulder beetle's attack.
You puncture the flayed ghost!
You destroy the flayed ghost!
Okawaru accepts your kill.
The boulder beetle bites you but does no damage.
The cyclops throws a large rock.
The large rock hits you but does no damage.
Your Armour skill increases to level 9!
Your Shields skill increases to level 9!
You gain the combat prowess of a mighty hero.
The boulder beetle bites you but does no damage.
You hit the boulder beetle but do no damage.
The boulder beetle is severely wounded.
The boulder beetle bites you but does no damage.
You hit the boulder beetle.
The boulder beetle is knocked back by the blow.
The boulder beetle is almost dead.
The cyclops hits you!
* * * LOW HITPOINT WARNING * * *
You barely miss the boulder beetle.
The boulder beetle is almost dead.
The boulder beetle bites you.
You die...

. #...# #.## .. ##...##
###.# D.. #.....# #...#
.... ##..○..## ##.###
(..C. #.......# ##..#
#...W#.......# #####..##
#:..C'.......+ #.....##
#########'#########.#####
#.DCC@B.....#
#############


You could see a boulder beetle, a seven-headed hydra and 2 cyclopes.

Vanquished Creatures
  2 boulder beetles
  A centaur warrior (D:8)
  A flayed ghost (D:9)
  A queen bee (shapeshifter) (D:8)
  4 trolls
  A slime creature (D:8)
  A shadow (D:9)
  2 wyverns
  3 steam dragons
  A vampire mosquito (D:8)
  A water moccasin (D:5)
  A sky beast (D:6)
  3 black bears
  2 ogres
  2 centaurs
  2 bullfrogs
  5 kobold brigands
  3 scorpions
  A necrophage (D:7)
  4 wights (D:8)
  6 killer bees (D:8)
  6 howler monkeys
  2 electric eels (D:7)
  2 hounds (D:6)
  A lava snake (D:7)
  An orc priest (D:4)
  3 gnoll boudas
  3 iguanas (D:5)
  8 orc wizards
  18 gnolls
  8 adders
  A shadow imp (D:8)
  A dart slug (D:1)
  14 orcs
  7 bats
  4 endoplasms
  A giant cockroach (D:4)
  7 goblins
  7 hobgoblins
  3 jackals (D:2)
  28 kobolds
  A quokka (D:1)
  6 ball pythons
  2 frilled lizards
  4 rats
185 creatures vanquished.

Vanquished Creatures (others)
  A yak (D:9)
  9 fungi (D:7)
  4 plants (D:3)
14 creatures vanquished.

Grand Total: 199 creatures vanquished

Notes
Turn   | Place    | Note
-------+----------+-------------------------------------------
     0 | D:1      | Dittersdorf the Gargoyle Fighter began the quest for the
                  | Orb.
     0 | D:1      | Reached XP level 1. HP: 14/14 MP: 1/1
    92 | D:1      | Reached XP level 2. HP: 15/19 MP: 2/2
   111 | D:1      | Found Cimn's Magic Scroll Shop.
   279 | D:1      | Found Aco Moob's Assorted Antiques.
   427 | D:1      | Found Mulov's Magic Scroll Shop.
   612 | D:1      | Reached XP level 3. HP: 23/23 MP: 3/3
   690 | D:1      | Found Yred's Jewellery Emporium.
   827 | D:1      | Found a faded altar of an unknown god.
  1857 | D:3      | Reached XP level 4. HP: 29/29 MP: 4/4
  1937 | D:3      | Reached skill level 4 in Fighting
  2487 | D:3      | Found a snail-covered altar of Cheibriados.
  2713 | D:4      | Found a shadowy altar of Dithmenos.
  2813 | D:4      | Reached XP level 5. HP: 31/33 MP: 5/5
  3403 | D:5      | Entered Level 5 of the Dungeon
  3408 | D:5      | Noticed an ogre
  3421 | D:5      | Killed an ogre
  3528 | D:5      | Reached XP level 6. HP: 38/39 MP: 6/6
  3556 | D:5      | Identified the +0 pair of boots "Dadwop" {Str+3 Dex-3
                  | Stlth+}
  3664 | D:5      | Found a glowing golden altar of the Shining One.
  3665 | D:5      | Noticed a black bear
  3672 | D:5      | Noticed a black bear
  3684 | D:4      | Killed a black bear
  3743 | D:5      | Killed a black bear
  3744 | D:5      | Reached skill level 5 in Fighting
  3744 | D:5      | Reached skill level 5 in Armour
  3759 | D:5      | Reached skill level 5 in Shields
  3759 | D:5      | Reached XP level 7. HP: 34/44 MP: 7/7
  4131 | D:5      | Found the +5 Force Lance {heavy, knockback}
  4139 | D:5      | Reached XP level 8. HP: 51/51 MP: 8/8
  4324 | D:5      | Reached skill level 6 in Fighting
  4331 | D:5      | Found a runed translucent gate.
  4331 | D:5      | Found a runed translucent gate.
  4332 | D:5      | Found a runed translucent gate.
  4335 | D:5      | Noticed Darius099's ghost (amateur TrMo)
  4337 | D:5      | Identified the +9 dagger of the Sun {spect, rF+ rC+ Int+5}
  4337 | D:5      | Identified the +1 leather armour of the Slightly Bent
                  | {rCorr Dex+4}
  4515 | D:6      | Reached skill level 1 in Polearms
  4901 | D:6      | Found a hide-covered altar of Uskayaw.
  4910 | D:6      | Identified the amulet "Poruag" {Spirit Slay+2}
  5258 | D:7      | Reached skill level 7 in Fighting
  5258 | D:7      | Reached XP level 9. HP: 36/57 MP: 7/9
  5502 | D:7      | Noticed a boulder beetle
  5517 | D:7      | Killed a boulder beetle
  5563 | D:7      | Found a staircase to the Ecumenical Temple.
  5565 | D:7      | Found a sparkling altar of Nemelex Xobeh.
  5576 | Temple   | Entered the Ecumenical Temple
  5890 | D:7      | Got the Dissertation on Command and the Missiles
  5896 | D:7      | Found a burning altar of Makhleb.
  5896 | D:7      | Noticed a cacodemon
  5976 | D:7      | Reached skill level 14 in Fighting
  5976 | D:7      | Reached XP level 10. HP: 75/75 MP: 10/10
  6586 | D:8      | Found a shimmering altar of Xom.
  6588 | D:8      | Found an iron altar of Okawaru.
  6600 | D:8      | Became a worshipper of Warmaster Okawaru
  6808 | D:8      | Reached XP level 11. HP: 75/80 MP: 8/11
  6901 | D:8      | Found an opulent altar of Gozag.
  6906 | D:8      | Found a basalt altar of Yredelemnul.
  6929 | D:8      | Identified the +1 robe of Toddaorch {rF+ rCorr}
  7508 | D:9      | Reached * piety under Okawaru
  7661 | D:9      | Noticed a boulder beetle
  7861 | D:9      | Noticed a centaur warrior
  8023 | D:8      | Killed a centaur warrior
  8023 | D:8      | Reached ** piety under Okawaru
  8024 | D:8      | Reached skill level 5 in Polearms
  8035 | D:8      | Killed a boulder beetle
  8486 | D:9      | Noticed a flayed ghost
  8486 | D:9      | Noticed a cyclops
  8486 | D:9      | Noticed a cyclops
  8486 | D:9      | Noticed a boulder beetle
  8486 | D:9      | Noticed a seven-headed hydra
  8508 | D:9      | Killed a flayed ghost
  8511 | D:9      | HP: 2/80 [cyclops (15)]
  8512 | D:9      | Slain by a boulder beetle

Illustrated notes

Levels and vault maps discovered:
D:1:      dpeg_arrival_shelter, layout_loops_ring, serial_shops,
          nicolae_shop_temple_entry_statues_fountains, nicolae_shop_stone, shop,
          shop, shapermc_ecumenical_altar_mp_vishouse
D:2:      layout_basic
D:3:      layout_loops_corners, mainiacjoe_overflow_alcove_4,
          serial_bayou_crossing
D:4:      layout_gridville, nicolae_dithmenos_the_darkroom
D:5:      layout_basic, mainiacjoe_overflow_catwalk, biasface_ghost_orc_armoury
D:6:      layout_rooms, mainiacjoe_overflow_boulevard, hangedman_decor_riveting
D:7:      layout_cave_pools, nemelex_xobeh_ov_fountains_minmay,
          makhleb_altar_promises_db, minmay_temple_entry_tees,
          dreamdust_mushroom_princess, nicolae_lava_and_water,
          corexii_checkpoint_b, st_stairs_7
D:8:      kennysheep_big_flooded_room, layout_basic,
          mainiacjoe_overflow_large_starburst, jmf_multi_god_temple
D:9:      layout_basic, tgw_fedhas, nicolae_rejected_hall, uniq_harold
Temple:   eino_wide_crystal_templ

Skill      XL: |  1  2  3  4  5  6  7  8  9 10 11 |
---------------+----------------------------------+-----
Fighting       | 4 5 7 14 | 14.8
Armour         | 4 5 6 7 8 9 |  9.0
Shields        | 4 5 6 7 8 9 |  9.0
Maces & Flails | 3 4 |  4.7
Polearms       | 2 4 5 |  5.5

Action                     |  1- 3 |  4- 6 |  7- 9 | 10-12 || total
---------------------------+-------+-------+-------+-------++-------
  Melee: Flail             |   180 |   132 |    51 |       ||   363
         Lance             |       |       |   119 |   207 ||   326
  Throw: Dart              |       |    12 |     8 |     4 ||    24
 Invoke: Heroism           |       |       |       |     2 ||     2
    Use: Scroll            |       |     4 |     2 |     2 ||     8
         Potion            |       |       |     1 |       ||     1
 Armour: Scale mail        |    78 |       |       |       ||    78
         Chain mail        |    48 |   126 |   172 |   230 ||   576
  Dodge: Dodged            |    99 |    63 |    74 |   106 ||   342
  Block: Buckler           |    37 |    30 |    45 |    59 ||   171

Table legend: (Time is in decaauts)
 A = Elapsed time spent in this place.
 B = Non-inter-level travel time spent in this place.
 C = Inter-level travel time spent in this place.
 D = Time resting spent in this place.
 E = Time spent auto-exploring this place.
 F = Levels seen in this place.
 G = Mean time per level.
                   A        B        C        D        E       F      G
               +--------+--------+--------+--------+--------+-----+--------+
         Total |   8760 |   8385 |    375 |   1480 |   5181 |  10 |  876.0 |
       Dungeon |   8661 |   8307 |    354 |   1480 |   5114 |   9 |  962.3 |
        Temple |     98 |     77 |     21 |      0 |     67 |   1 |   98.0 |
               +--------+--------+--------+--------+--------+-----+--------+

Top non-repeatable levels by time:
     D:8: 1828 daAuts
     D:3: 992 daAuts
     D:4: 989 daAuts
     D:6: 952 daAuts
     D:1: 944 daAuts
     D:2: 841 daAuts
     D:5: 823 daAuts
     D:7: 666 daAuts
     D:9: 622 daAuts
  Temple: 98 daAuts
